 Dungeon Crawl Stone Soup version 0.17-a0-1504-gb7d9117 (webtiles) character file.

58 Promi the Stinger (level 3, 0/19 HPs)
             Began as a Deep Elf Venom Mage on July 9, 2015.
             Killed from afar by an orc wizard (10 damage)
             ... with a magic dart
             ... on level 3 of the Dungeon.
             The game lasted 00:10:25 (1981 turns).

Promi the Stinger (Deep Elf Venom Mage)             Turns: 1981, Time: 00:10:25

Health: 0/19       AC:  2    Str:  7    XL:     3   Next: 76%
Magic:  2/10       EV: 13    Int: 20    God:
Gold:   98         SH:  0    Dex: 15    Spells: 3 memorised, 3 levels left

rFire  + . .     SeeInvis .     (no weapon)
rCold  x . .     Clarity  .     a - +0 robe
rNeg   . . .     SustAt   .     (no shield)
rPois  .         Gourm    .     (no helmet)
rElec  .         Spirit   .     (no cloak)
rCorr  .         Warding  .     (no gloves)
rMut   .         Stasis   .     (no boots)
MR     .....                    (no amulet)
Stlth  ++........               k - ring of fire
                                j - +2 ring of strength

@: very slightly contaminated, not resistant to hostile enchantments, unstealthy
A: no striking features
a: no special abilities


You were on level 3 of the Dungeon.
You were very hungry.

You visited 1 branch of the dungeon, and saw 3 of its levels.

You collected 98 gold pieces.

Inventory:

Armour
 a - a +0 robe (worn)
Jewellery
 j - a +2 ring of strength (left hand)
 k - a ring of fire (right hand)
 o - a cursed ring of loudness {unknown}
Scrolls
 e - 2 scrolls of identify {unknown}
 f - 2 scrolls of recharging {unknown}
 m - a scroll of enchant armour {unknown}
 n - 3 scrolls of fear {unknown}
Potions
 d - a potion of brilliance {unknown}
 h - a potion of invisibility {unknown}
 i - a potion of might {unknown}
Books
 b - a Young Poisoner's Handbook

   Spells                             Type                      Level
   a - Sting                          Conjuration/Poison           1
   b - Cure Poison                    Poison                       2
   c - Mephitic Cloud                 Conjuration/Poison/Air       3
   d - Olgreb's Toxic Radiance        Poison                       4
   e - Venom Bolt                     Conjuration/Poison           5
Comestibles
 c - 2 bread rations
 g - a slice of pizza
 p - a royal jelly


   Skills:
 + Level 2.8 Dodging
 + Level 2.6 Stealth
 + Level 3.6 Spellcasting
 + Level 0.9 Conjurations
 + Level 5.3 Poison Magic


You had 3 spell levels left.
You knew the following spells:

 Your Spells              Type           Power        Failure   Level  Hunger
a - Sting                 Conj/Pois      ###.         3%          1    None
b - Cure Poison           Pois           ###.......   2%          2    ##.....
c - Mephitic Cloud        Conj/Pois/Air  ##......     17%         3    ###....


Dungeon Overview and Level Annotations

Branches:
Dungeon (3/15)

Altars:
Trog


Message History

Confirm with . or Enter, or press ? or * to list all spells.
Aiming: Sting
Press: ? - help, Shift-Dir - straight line, f/p - orc
Aim: an orc, wielding a mace of protection The sting hits the orc.
The orc appears unharmed.
Casting: Sting
Confirm with . or Enter, or press ? or * to list all spells.
Aiming: Sting
Press: ? - help, Shift-Dir - straight line, f/p - orc
Aim: an orc, wielding a mace of protection You miscast Sting.
You feel slightly ill.
The orc hits you with a mace of protection!
An orc comes into view. It is wielding a club.
All of the chunks of flesh in your inventory have rotted away.
There is a stone staircase leading down here.
You are feeling very hungry.
A magic dart appears from out of thin air!
The magic dart hits you!
Ouch! That really hurt!
You die...

#.# #.# ##.## #...#
####### #...#
#.....#
..###...#####.....#
.......o.o{>......#
..####.######...(>#
#.# #.o.@<# #.###
####### #.#.##
#..#.## ##.###.##
##.## ##.######
#.## ##.....# ##.##
##.####.# ##.###.##


You could see 2 orcs.

Vanquished Creatures
  2 adders (D:2)
  A giant cockroach (D:1)
  5 goblins
  6 hobgoblins
  4 jackals
  A ball python (D:2)
  5 bats
  3 giant newts (D:1)
  4 kobolds
  A quokka (D:3)
  9 rats
41 creatures vanquished.

Notes
Turn   | Place    | Note
--------------------------------------------------------------
     0 | D:1      | Promi the Deep Elf Venom Mage began the quest for the Orb.
     0 | D:1      | Reached XP level 1. HP: 10/10 MP: 6/6
   302 | D:1      | Reached XP level 2. HP: 15/15 MP: 2/8
   432 | D:1      | Learned a level 2 spell: Cure Poison
  1107 | D:2      | Reached skill level 5 in Poison Magic
  1222 | D:2      | Found a bloodstained altar of Trog.
  1308 | D:1      | Reached XP level 3. HP: 19/19 MP: 4/9
  1322 | D:1      | Learned a level 3 spell: Mephitic Cloud
  1981 | D:3      | Killed from afar by an orc wizard

Vault maps used:
D:1:      roderic_crossed_star
D:2:      roderic_malta_cross, bloody_trog

Action                   || total
-------------------------++-------
Melee: Unarmed           ||     1
 Cast: Sting             ||    80
  Eat: Chunk             ||     2
